 Dungeon Crawl Stone Soup version 0.31.0-11-ge490571c62 (webtiles) character file.

Game seed: 9865760239109226417

207 Gadfly the Insei (level 5, 0/41 HPs)
             Began as a Demonspawn Monk on Feb 1, 2024.
             Killed by divine providence
             ... invoked by an orc priest
              (9 damage)
             ... on level 4 of the Dungeon.
             The game lasted 00:02:48 (2140 turns).

Gadfly the Insei (Demonspawn Monk)                  Turns: 2140, Time: 00:02:49

Health: 0/41       AC:  8    Str: 13    XL:     5   Next: 54%
Magic:  7/7        EV: 13    Int: 10    God:
Gold:   773        SH:  0    Dex: 16    Spells: 4/4 levels left

rFire   . .          .
                       - Unarmed
rCold   + . .        c - orb {light}
rNeg    . . .        a - +1 robe
rPois   .            d - +2 helmet
rElec   .            (no cloak)
rCorr   .            (no gloves)
SInv    .            m - +1 pair of boots of Tartarus {rC+}
Will    .....        (no amulet)
Stlth   +            (no ring)
HPRegen 0.26/turn    (no ring)
MPRegen 0.10/turn

%: no passive effects
@: glowing
A: ignite blood 1, powered by pain 1, weakness stinger 1
a: no special abilities


You were on level 4 of the Dungeon.
You visited 1 branch of the dungeon, and saw 4 of its levels.

You collected 1039 gold pieces.
You spent 266 gold pieces at shops.

Inventory:

Armour
 a - a +1 robe (worn)
 c - an orb of light (worn)
 d - a +2 helmet (worn)
 m - the +1 pair of boots of Tartarus (worn) {rC+}
   (You bought it in a shop on level 2 of the Dungeon)

   rC+:       It protects you from cold.
Talismans
 o - a serpent talisman
Scrolls
 e - 2 scrolls of teleportation
 j - a scroll of revelation
 n - 3 scrolls of summoning
Potions
 b - a potion of ambrosia
 f - a potion of brilliance {unknown}
 g - 3 potions of curing {unknown}
 h - a potion of mutation
 i - 3 potions of heal wounds
 k - a potion of enlightenment
 l - a potion of degeneration {unknown}
 p - 2 potions of lignification {unknown}


   Skills:
 - Level 3.0 Fighting
 + Level 3.2 Dodging
 * Level 3.6 Unarmed Combat
 * Level 3.0 Invocations
 * Level 2.3 Evocations
 * Level 1.7 Shapeshifting


You had 4 spell levels left.
You didn't know any spells.
Your spell library contained the following spells:

 Spells                   Type           Power      Damage    Failure   Level
 Scorch                   Fire           0%         2d5       50%         2
 Flame Wave               Conj/Fire      0%         2d4       98%         4
 Summon Cactus Giant      Summ           0%         N/A       100%        6


Dungeon Overview and Level Annotations

Branches:
Dungeon (4/15)
 Temple: D:4-7

Altars:
Ashenzari
Qazlal

Shops:
D:2 [


Innate Abilities, Weirdness & Mutations

Your demonic aura sometimes causes spilled blood to erupt in flames.
You sometimes gain a little power by taking damage.
You have a small tail.


Message History

You are too injured to fight recklessly!
You are too injured to fight recklessly!
Unknown command.
The orc priest closely misses you.
The orc wizard mumbles some strange words.
The orc wizard flickers and vanishes for a moment.
The orc wizard mumbles some strange words.
The orc wizard flickers and vanishes!
Deactivating autopickup; reactivate with Ctrl-A.
You hear a shout!
You hit the orc priest.
You tail-slap the orc priest, but do no damage.
The orc priest is lightly wounded.
The orc priest mumbles some strange prayers to Beogh against you.
You barely resist. You hit the orc priest. You tail-slap the orc priest.
The orc priest is almost dead.
The orc wizard gestures at you while chanting.
You resist with some effort.
An orc priest comes into view. It is wielding a +0 trident.
The sky beast hits you. The sky beast shocks you.
The orc priest completely misses you.
The sky beast hits you but does no damage.
The orc wizard casts a spell at you. The magic dart hits you.
* * * LOW HITPOINT WARNING * * *
The orc wizard misses you.
Unknown command.
The orc priest shouts!
The orc wizard barely misses you.
The orc wizard points at you and mumbles some strange words.
You resist with some effort.
The sky beast attacks as it pursues you!
The sky beast hits you but does no damage.
Okay, then.
You barely miss the orc priest.
The orc priest is almost dead.
The orc priest invokes the aid of Beogh against you.
Beogh smites you!
You die...

# ########## ##.
#........# ##...
#.######.#
#.....#####.######.#
......o.........##.#####
#.....##Yoo.###........#
..... #.o@..# ####.###.#
#8.. ##....######.# #.#
... ##.#........###.##
## #.########......# #.#
#.###..# #'# #.# #..#
... #.# #..# ...
#.###..# #..##..#


You could see a sky beast (invisible), 2 orc priests and 2 orc wizards.

Vanquished Creatures
  A scorpion (D:4)
  Jessica (D:3)
  An iguana (D:2)
  6 adders
  A dart slug (D:3)
  2 orcs (D:3)
  2 ball pythons
  5 endoplasms
  5 giant cockroaches
  3 hobgoblins
  2 quokkas
  2 bats
  A frilled lizard (D:3)
  5 goblins
  6 kobolds
43 creatures vanquished.

Notes
Turn   | Place    | Note
-------+----------+-------------------------------------------
     0 | D:1      | Gadfly the Demonspawn Monk began the quest for the Orb.
     0 | D:1      | Reached XP level 1. HP: 18/18 MP: 1/1
   304 | D:1      | Gained mutation: Your demonic aura sometimes causes spilled
                  | blood to erupt in flames. [demonic ancestry]
   304 | D:1      | Reached XP level 2. HP: 24/24 MP: 2/2
   317 | D:1      | Reached skill level 1 in Invocations
   892 | D:2      | Found a stormy altar of Qazlal.
   923 | D:2      | Reached skill level 1 in Evocations
   942 | D:2      | Reached XP level 3. HP: 29/29 MP: 4/4
   971 | D:2      | Reached skill level 1 in Shapeshifting
   971 | D:2      | Gained mutation: You have a small tail. [demonic ancestry]
   971 | D:2      | Reached XP level 4. HP: 33/35 MP: 5/5
  1080 | D:2      | Found Lotwolu's Antique Armour Shop.
  1552 | D:3      | Noticed Jessica
  1561 | D:3      | Killed Jessica
  1896 | D:3      | Gained mutation: You sometimes gain a little power by
                  | taking damage. [demonic ancestry]
  1896 | D:3      | Reached XP level 5. HP: 41/41 MP: 5/7
  1917 | D:3      | Found a broken altar of Ashenzari.
  2007 | D:3      | Identified a scroll of acquirement
  2007 | D:3      | Acquired 811 gold pieces
  2031 | D:2      | Bought a pair of translucent boots for 266 gold pieces
  2031 | D:2      | Identified the +1 pair of boots of Tartarus {rC+} (You
                  | bought it in a shop on level 2 of the Dungeon)
  2123 | D:4      | Noticed a sky beast
  2140 | D:4      | Killed from afar by an orc priest

Illustrated notes

Levels and vault maps discovered:
D:1:      noname_arrival_rooms_in_the_neighbourhood, layout_loops_ring,
          serial_rivers, chequers_serial_rivers_room_a,
          chequers_serial_rivers_micro_b, chequers_serial_rivers_micro_e,
          chequers_serial_rivers_marsh, chequers_serial_rivers_small_b,
          chequers_serial_rivers_marsh, palyth_stone_intersect
D:2:      layout_basic, serial_shops, nicolae_shop_window_shopping, basic_altar
D:3:      layout_basic, cheibrodos_ashenzari_chains, small_statue_intersection,
          uniq_jessica
D:4:      layout_loops_corners, minitemple

Skill      XL: |  1  2  3  4  5 |
---------------+----------------+-----
Invocations    | 1 2 3 |  3.0
Evocations     | 1 2 |  2.3
Unarmed Combat | 3 |  3.6
Dodging        | 3 |  3.2
Shapeshifting  | 1 |  1.7
Fighting       | |  3.0

Action                     |  1- 3 |  4- 6 || total
---------------------------+-------+-------++-------
  Melee: Unarmed           |    51 |    80 ||   131
         Tailslap          |       |    21 ||    21
    Use: Scroll            |     6 |     5 ||    11
 Armour: Robe              |    17 |    35 ||    52
  Dodge: Dodged            |    30 |    43 ||    73
